 Dungeon Crawl Stone Soup version 0.26-a0-597-gb535b0901c (webtiles) character file.

Game seed: 13130156499316671849

7 Lanoc the Firebug (level 1, 0/10 HPs)
             Began as a Deep Elf Fire Elementalist on Sept 2, 2020.
             Killed by divine providence
             ... invoked by an orc priest
              (10 damage)
             ... on level 3 of the Dungeon.
             The game lasted 00:00:37 (310 turns).

Lanoc the Firebug (Deep Elf Fire Elementalist)       Turns: 310, Time: 00:00:37

Health: 0/10       AC:  2    Str:  5    XL:     1   Next: 83%
Magic:  1/6        EV: 13    Int: 19    God:
Gold:   3          SH:  0    Dex: 15    Spells: 5/6 levels left

rFire    . . .     SeeInvis .   (no weapon)
rCold    . . .     Faith    .   (no shield)
rNeg     . . .     Spirit   .   a - +0 robe
rPois    .         Reflect  .   (no helmet)
rElec    .         Harm     .   (no cloak)
rCorr    .                      (no gloves)
MR       .....                  (no boots)
Stlth    ++........             (no amulet)
HPRegen  0.03/turn              (no ring)
MPRegen  0.10/turn              (no ring)

@: no status effects
A: no striking features
a: no special abilities


You were on level 3 of the Dungeon.
You visited 1 branch of the dungeon, and saw 3 of its levels.

You collected 3 gold pieces.

Inventory:

Armour
 a - a +0 robe (worn)
Scrolls
 b - a scroll of identify {unknown}
 c - a scroll of enchant armour {unknown}
 d - 3 scrolls of amnesia {unknown}
Potions
 e - a potion of degeneration {unknown}


   Skills:
 + Level 2.6 Dodging
 - Level 2.4 Stealth
 - Level 3.0 Spellcasting
 + Level 1.3 Conjurations
 * Level 3.5 Fire Magic


You had 5 spell levels left.
You knew the following spells:

 Your Spells              Type           Power        Failure   Level
a - Foxfire               Conj/Fire      ##..         5%          1

Your spell library contained the following spells:

 Spells                   Type           Power        Failure   Level
 Conjure Flame            Conj/Fire      ##......     17%         3
 Inner Flame              Hex/Fire       #.......     22%         3
 Sticky Flame             Conj/Fire      ##......     50%         4
 Fireball                 Conj/Fire      ##........   83%         5


Dungeon Overview and Level Annotations

Branches:
Dungeon (3/15)

Altars:


Message History

Confirm with . or Enter, or press ? or * to list all spells.
You conjure some foxfire!
The foxfire hits the orc but does no damage.
The orc is severely wounded.
The foxfire hits the orc.
You kill the orc!
Something unseen opens the door.
Casting: Foxfire (safe; 5% risk of failure)
Confirm with . or Enter, or press ? or * to list all spells.
You conjure some foxfire!
The foxfire hits the orc priest but does no damage. x2
Casting: Foxfire (safe; 5% risk of failure)
Confirm with . or Enter, or press ? or * to list all spells.
You conjure some foxfire!
The foxfire hits the orc priest.
The orc priest is moderately wounded.
The orc priest invokes the aid of Beogh against you.
Beogh smites you!
Ouch! That really hurt!
You die...

........#..#....................#
...#.....).......................
..<#.<..#).#..................†..
...#...>...............###.######
...#....#..#...........# #.#
...[....#..#...........# #.#
#####..##..#....§§...(.###.##
.......[...#......§.......o.#
##########.#....@.§§..####..# .#
........#<......§vo..##§.# #.#
#############.##.....##..# #.#
..........'.).# #.#
.....#.....##>####§#
......#.....##.o..#§#
......#.....##.##.#.# .....+
+...#.o.. ##..#..!.


You could see an orc priest.

Vanquished Creatures
  2 orcs (D:3)
  A hobgoblin (D:3)
  A kobold (D:3)
4 creatures vanquished.

Vanquished Creatures (others)
  27 foxfires (D:3)
27 creatures vanquished.

Grand Total: 31 creatures vanquished

Notes
Turn   | Place    | Note
-------+----------+-------------------------------------------
     0 | D:1      | Lanoc the Deep Elf Fire Elementalist began the quest for
                  | the Orb.
     0 | D:1      | Reached XP level 1. HP: 10/10 MP: 6/6
   284 | D:3      | Noticed an orc priest
   310 | D:3      | Killed from afar by an orc priest

Illustrated notes

Levels and vault maps discovered:
D:1:      dpeg_arrival_signposts, layout_rooms
D:2:      layout_rooms, hangedman_decor_growths, ebering_dispersal_statue_hall,
          uniq_sigmund
D:3:      cheibrodos_pilgrimage, layout_basic, uniq_jessica

Action                   || total
-------------------------++-------
 Cast: Foxfire           ||    16

Table legend: (Time is in decaauts)
 A = Elapsed time spent in this place.
 B = Non-inter-level travel time spent in this place.
 C = Inter-level travel time spent in this place.
 D = Time resting spent in this place.
 E = Time spent auto-exploring this place.
 F = Levels seen in this place.
 G = Mean time per level.
                   A        B        C        D        E       F      G
               +--------+--------+--------+--------+--------+-----+--------+
         Total |    309 |    303 |      6 |      0 |    251 |   3 |  103.0 |
       Dungeon |    309 |    303 |      6 |      0 |    251 |   3 |  103.0 |
               +--------+--------+--------+--------+--------+-----+--------+

Top non-repeatable levels by time:
     D:3: 241 daAuts
     D:1: 61 daAuts
     D:2: 6 daAuts
